[ PARTIDA AOE2 · #469666151 ]
UnrankedBorgoñones vs Turks
[ ANÁLISIS DE REPETICIÓN · EXTRAÍDO DE LA PARTIDA GRABADA ]
Feudal
12:05
Castillos
21:49
Imperial
—
| APM promedio | 39.7 |
| APM pico | 71 |
| eAPM promedio | 21.0 |
| Aldeanos / militares | 110 / 39 |
Foco
⚔️ 25.6% · 🌾 74.4%
Coustillier ×15 · Galley ×8 · Mangonel ×7 · Fire Galley ×5 · Fishing Ship ×5 · Monk ×4
Feudal
13:03
Castillos
16:34
Imperial
33:37
| APM promedio | 37.8 |
| APM pico | 73 |
| eAPM promedio | 22.8 |
| Aldeanos / militares | 72 / 43 |
Foco
⚔️ 38.1% · 🌾 61.9%
Fishing Ship ×38 · Janissary ×24 · Bombard Cannon ×5 · Mangonel ×4 · Scorpion ×4 · Knight ×3
Feudal
12:43
Castillos
16:41
Imperial
32:49
| APM promedio | 37.6 |
| APM pico | 73 |
| eAPM promedio | 18.4 |
| Aldeanos / militares | 71 / 7 |
Foco
⚔️ 19.7% · 🌾 80.3%
Unknown (2579) ×20 · Fishing Ship ×7 · Trebuchet (Packed) ×4 · Unknown (2550) ×3 · Mangonel ×2 · Unknown (2582) ×1
Feudal
14:22
Castillos
18:46
Imperial
31:44
| APM promedio | 38.3 |
| APM pico | 61 |
| eAPM promedio | 21.3 |
| Aldeanos / militares | 127 / 98 |
Foco
⚔️ 23.1% · 🌾 76.9%
Ghulam ×89 · Fishing Ship ×45 · Fire Galley ×6 · Unknown (2626) ×6 · Demolition Raft ×3
Mapa de la partida
Recursos iniciales + cada clic de construcción. Líneas = muros · curvas = relieve. ◆ oro · ⬟ piedra · ● bayas · ✦ reliquia · ◌ hueco del cierre
Tu base· ✓ Cerrada en 21:49 · 41t muro · 3 puerta(s)
Base de triiitCH2· Abierta — hueco de 11t
Base de 進房從從容容.打完連滾帶爬· Abierta — flanco sin cerrar
Base de triiitCH· Abierta — hueco de 8t
Terreno inicial suavizado · ◌ = hueco del cierre detectado · pasá el cursor para detalles
Inputs por minuto
— 47Cute - - triiitCH2
Build order — 47Cute
Primeras 150 de 280 acciones detectadas
| 0:08 | Construir | House |
| 0:33 | Construir | Town Center |
| 0:52 | Construir | Dock |
| 2:39 | Crear | Villager (Male) |
| 2:40 | Crear | Villager (Male) |
| 2:40 | Crear | Villager (Male) |
| 2:56 | Crear | Villager (Male) |
| 3:34 | Crear | Villager (Male) |
| 3:59 | Crear | Villager (Male) |
| 4:25 | Construir | House |
| 5:05 | Crear | Villager (Male) |
| 5:05 | Crear | Villager (Male) |
| 5:19 | Crear | Fishing Ship |
| 5:19 | Crear | Fishing Ship |
| 5:30 | Crear | Villager (Male) |
| 5:31 | Crear | Villager (Male) |
| 5:32 | Crear | Villager (Male) |
| 6:05 | Construir | House |
| 6:14 | Crear | Villager (Male) |
| 6:14 | Crear | Villager (Male) |
| 6:32 | Crear | Fishing Ship |
| 6:47 | Crear | Villager (Male) |
| 6:47 | Crear | Villager (Male) |
| 6:48 | Crear | Villager (Male) |
| 7:05 | Crear | Fishing Ship |
| 7:33 | Crear | Villager (Male) |
| 7:56 | Construir | House |
| 7:58 | Investigar | Loom |
| 8:16 | Crear | Fishing Ship |
| 8:34 | Crear | Villager (Male) |
| 8:48 | Crear | Villager (Male) |
| 9:18 | Construir | Mining Camp |
| 9:21 | Crear | Villager (Male) |
| 9:55 | Investigar | Feudal Age |
| 9:55 | Investigar | Feudal Age |
| 10:40 | Construir | House |
| 10:46 | Construir | Dock |
| 10:59 | Crear | Villager (Male) |
| 11:34 | Crear | Villager (Male) |
| 11:41 | Construir | House |
| 11:45 | Construir | Palisade Wall |
| 12:05 | Edad | Edad Feudal |
| 12:10 | Crear | Fire Galley |
| 12:10 | Crear | Fire Galley |
| 12:24 | Construir | Lumber Camp |
| 12:26 | Crear | Villager (Male) |
| 12:43 | Crear | Villager (Male) |
| 12:56 | Investigar | Double-Bit Axe |
| 12:56 | Investigar | Double-Bit Axe |
| 12:59 | Crear | Villager (Male) |
| 13:04 | Construir | House |
| 13:09 | Construir | Palisade Wall |
| 13:27 | Crear | Fire Galley |
| 13:37 | Crear | Villager (Male) |
| 14:00 | Crear | Fire Galley |
| 14:01 | Crear | Villager (Male) |
| 14:11 | Construir | Mill |
| 14:27 | Crear | Villager (Male) |
| 15:07 | Crear | Galley |
| 15:07 | Crear | Galley |
| 15:12 | Crear | Villager (Male) |
| 15:17 | Construir | House |
| 15:22 | Construir | Market |
| 15:29 | Crear | Galley |
| 15:29 | Crear | Galley |
| 15:30 | Crear | Villager (Male) |
| 16:06 | Crear | Galley |
| 16:07 | Crear | Villager (Male) |
| 16:09 | Construir | Blacksmith |
| 16:12 | Construir | Palisade Wall |
| 16:15 | Crear | Villager (Male) |
| 16:18 | Construir | House |
| 16:38 | Construir | Mill |
| 16:43 | Crear | Galley |
| 16:46 | Crear | Villager (Male) |
| 16:54 | Crear | Villager (Male) |
| 16:57 | Construir | House |
| 17:00 | Construir | Palisade Wall |
| 17:13 | Crear | Galley |
| 17:21 | Construir | House |
| 17:23 | Construir | Palisade Wall |
| 17:27 | Construir | Palisade Wall |
| 17:39 | Crear | Galley |
| 18:06 | Construir | House |
| 18:09 | Construir | House |
| 18:13 | Construir | Palisade Gate |
| 18:18 | Construir | House |
| 18:19 | Construir | Palisade Wall |
| 18:21 | Construir | Palisade Wall |
| 18:23 | Construir | House |
| 18:24 | Construir | House |
| 18:34 | Crear | Villager (Male) |
| 18:38 | Construir | Palisade Gate |
| 19:09 | Investigar | Castle Age |
| 19:09 | Investigar | Castle Age |
| 20:29 | Crear | Villager (Male) |
| 20:34 | Construir | Palisade Gate |
| 20:51 | Construir | House |
| 20:52 | Construir | Palisade Wall |
| 21:18 | Construir | Farm |
| 21:19 | Construir | Farm |
| 21:19 | Construir | Farm |
| 21:20 | Construir | Farm |
| 21:23 | Investigar | Horse Collar |
| 21:23 | Investigar | Horse Collar |
| 21:49 | Edad | Edad de los Castillos |
| 21:51 | Construir | Town Center |
| 21:52 | Investigar | Bow Saw |
| 21:52 | Investigar | Bow Saw |
| 21:59 | Construir | Town Center |
| 22:08 | Crear | Villager (Male) |
| 22:15 | Construir | Lumber Camp |
| 22:41 | Crear | Villager (Male) |
| 22:43 | Crear | Villager (Male) |
| 22:55 | Crear | Fire Galley |
| 23:05 | Crear | Villager (Male) |
| 23:06 | Crear | Villager (Male) |
| 23:07 | Crear | Villager (Male) |
| 23:11 | Construir | Farm |
| 23:18 | Crear | Villager (Male) |
| 23:18 | Crear | Villager (Male) |
| 23:23 | Construir | Farm |
| 23:26 | Construir | Farm |
| 23:28 | Crear | Villager (Male) |
| 23:36 | Construir | Farm |
| 23:38 | Construir | Farm |
| 23:42 | Crear | Villager (Male) |
| 23:42 | Crear | Villager (Male) |
| 23:43 | Crear | Villager (Male) |
| 23:46 | Construir | Farm |
| 23:48 | Construir | Farm |
| 23:49 | Crear | Villager (Male) |
| 24:04 | Construir | Farm |
| 24:11 | Construir | Farm |
| 24:11 | Construir | Farm |
| 24:11 | Construir | Farm |
| 24:18 | Crear | Villager (Male) |
| 24:19 | Construir | Farm |
| 24:32 | Crear | Villager (Male) |
| 24:33 | Crear | Villager (Male) |
| 24:34 | Crear | Villager (Male) |
| 24:36 | Construir | Farm |
| 24:43 | Construir | Farm |
| 24:43 | Crear | Villager (Male) |
| 24:50 | Construir | Mining Camp |
| 24:58 | Construir | Monastery |
| 24:59 | Crear | Villager (Male) |
| 25:07 | Crear | Villager (Male) |
| 25:18 | Crear | Villager (Male) |
| 25:25 | Construir | Farm |
Build order — triiitCH2
Primeras 150 de 248 acciones detectadas
| 0:05 | Construir | Town Center |
| 0:34 | Construir | Dock |
| 0:37 | Construir | House |
| 2:24 | Crear | Villager (Male) |
| 2:24 | Crear | Villager (Male) |
| 2:25 | Crear | Villager (Male) |
| 2:37 | Crear | Villager (Male) |
| 3:39 | Crear | Villager (Male) |
| 3:53 | Crear | Fishing Ship |
| 3:53 | Crear | Fishing Ship |
| 4:06 | Construir | House |
| 4:27 | Crear | Villager (Male) |
| 4:27 | Crear | Villager (Male) |
| 4:56 | Crear | Villager (Male) |
| 4:57 | Crear | Villager (Male) |
| 5:14 | Crear | Villager (Male) |
| 5:14 | Crear | Villager (Male) |
| 5:46 | Crear | Villager (Male) |
| 5:47 | Crear | Villager (Male) |
| 5:49 | Crear | Fishing Ship |
| 5:49 | Crear | Fishing Ship |
| 5:55 | Construir | House |
| 6:11 | Crear | Villager (Male) |
| 6:12 | Crear | Villager (Male) |
| 6:30 | Crear | Villager (Male) |
| 6:30 | Crear | Villager (Male) |
| 6:37 | Crear | Fishing Ship |
| 6:37 | Crear | Fishing Ship |
| 6:50 | Crear | Villager (Male) |
| 6:50 | Crear | Villager (Male) |
| 6:58 | Construir | House |
| 7:10 | Crear | Villager (Male) |
| 7:10 | Crear | Villager (Male) |
| 7:16 | Crear | Fishing Ship |
| 7:16 | Crear | Fishing Ship |
| 7:34 | Crear | Villager (Male) |
| 7:35 | Crear | Villager (Male) |
| 7:51 | Crear | Fishing Ship |
| 7:51 | Crear | Fishing Ship |
| 8:01 | Crear | Villager (Male) |
| 8:04 | Construir | House |
| 8:08 | Construir | House |
| 8:10 | Crear | Villager (Male) |
| 8:10 | Crear | Villager (Male) |
| 8:14 | Crear | Fishing Ship |
| 8:14 | Crear | Fishing Ship |
| 8:34 | Crear | Villager (Male) |
| 8:34 | Crear | Villager (Male) |
| 8:39 | Crear | Fishing Ship |
| 8:39 | Crear | Fishing Ship |
| 8:49 | Crear | Villager (Male) |
| 8:49 | Crear | Villager (Male) |
| 9:12 | Crear | Fishing Ship |
| 9:25 | Construir | House |
| 9:29 | Crear | Villager (Male) |
| 9:42 | Crear | Villager (Male) |
| 9:45 | Construir | Lumber Camp |
| 9:58 | Crear | Fishing Ship |
| 10:31 | Construir | Mining Camp |
| 10:53 | Investigar | Feudal Age |
| 10:53 | Investigar | Feudal Age |
| 11:18 | Construir | House |
| 11:39 | Construir | Barracks |
| 12:19 | Crear | Villager (Male) |
| 13:03 | Edad | Edad Feudal |
| 13:05 | Construir | Stable |
| 13:11 | Construir | Blacksmith |
| 13:18 | Construir | House |
| 13:19 | Construir | Palisade Wall |
| 13:25 | Investigar | Double-Bit Axe |
| 13:27 | Crear | Villager (Male) |
| 13:38 | Crear | Unit 2626 |
| 13:51 | Construir | House |
| 13:54 | Investigar | Castle Age |
| 13:55 | Investigar | Castle Age |
| 13:55 | Investigar | Castle Age |
| 14:01 | Construir | Palisade Wall |
| 14:26 | Crear | Unit 2626 |
| 14:53 | Construir | Dock |
| 15:12 | Investigar | Town Watch |
| 15:18 | Investigar | Loom |
| 15:27 | Crear | Unit 2626 |
| 15:29 | Investigar | Gold Mining |
| 16:08 | Investigar | Tech 906 |
| 16:14 | Crear | Fishing Ship |
| 16:15 | Crear | Fishing Ship |
| 16:21 | Crear | Villager (Male) |
| 16:25 | Investigar | Bloodlines |
| 16:34 | Edad | Edad de los Castillos |
| 16:37 | Crear | Villager (Male) |
| 16:39 | Crear | Knight |
| 16:39 | Crear | Knight |
| 17:02 | Crear | Villager (Male) |
| 17:12 | Construir | Town Center |
| 17:17 | Crear | Knight |
| 17:28 | Crear | Villager (Male) |
| 17:51 | Crear | Villager (Male) |
| 17:56 | Investigar | Gillnets |
| 17:56 | Investigar | Gillnets |
| 18:08 | Crear | Villager (Male) |
| 18:23 | Crear | Villager (Male) |
| 18:24 | Crear | Villager (Male) |
| 18:28 | Crear | Villager (Male) |
| 18:34 | Construir | House |
| 18:51 | Crear | Villager (Male) |
| 19:00 | Crear | Villager (Male) |
| 19:05 | Construir | Siege Workshop |
| 19:35 | Crear | Villager (Male) |
| 19:43 | Crear | Villager (Male) |
| 20:18 | Crear | Villager (Male) |
| 20:23 | Crear | Scorpion |
| 20:23 | Crear | Scorpion |
| 20:32 | Crear | Villager (Male) |
| 20:49 | Crear | Villager (Male) |
| 21:00 | Crear | Villager (Male) |
| 21:06 | Crear | Scorpion |
| 21:45 | Crear | Villager (Male) |
| 21:55 | Crear | Scorpion |
| 22:05 | Construir | Castle |
| 22:09 | Construir | House |
| 22:09 | Construir | House |
| 22:42 | Construir | Mining Camp |
| 22:57 | Construir | Dock |
| 23:39 | Construir | Mill |
| 23:54 | Crear | Mangonel |
| 24:06 | Crear | Villager (Male) |
| 24:09 | Crear | Villager (Male) |
| 24:12 | Crear | Janissary |
| 24:12 | Crear | Janissary |
| 24:12 | Crear | Janissary |
| 24:15 | Crear | Janissary |
| 24:19 | Crear | Villager (Male) |
| 24:19 | Crear | Villager (Male) |
| 24:22 | Crear | Janissary |
| 24:28 | Construir | Town Center |
| 24:35 | Crear | Villager (Male) |
| 24:39 | Crear | Janissary |
| 24:39 | Crear | Janissary |
| 24:43 | Construir | House |
| 24:44 | Construir | House |
| 24:45 | Construir | House |
| 24:49 | Construir | House |
| 24:50 | Construir | House |
| 25:14 | Crear | Fishing Ship |
| 25:15 | Crear | Fishing Ship |
| 25:15 | Crear | Fishing Ship |
| 25:20 | Construir | Palisade Wall |
| 25:24 | Crear | Villager (Male) |
| 25:25 | Crear | Villager (Male) |
| 25:27 | Crear | Villager (Male) |
Build order — 進房從從容容.打完連滾帶爬
Primeras 150 de 179 acciones detectadas
| 0:13 | Construir | Town Center |
| 0:46 | Construir | Dock |
| 0:48 | Construir | House |
| 0:54 | Construir | Palisade Wall |
| 2:35 | Crear | Villager (Male) |
| 2:35 | Crear | Villager (Male) |
| 2:35 | Crear | Villager (Male) |
| 2:36 | Crear | Villager (Male) |
| 3:04 | Crear | Villager (Male) |
| 3:29 | Crear | Fishing Ship |
| 4:19 | Crear | Villager (Male) |
| 4:29 | Construir | House |
| 4:50 | Crear | Villager (Male) |
| 5:26 | Crear | Villager (Male) |
| 5:37 | Crear | Fishing Ship |
| 5:42 | Construir | House |
| 5:55 | Crear | Villager (Male) |
| 6:03 | Crear | Villager (Male) |
| 6:31 | Crear | Villager (Male) |
| 6:33 | Crear | Fishing Ship |
| 6:57 | Crear | Villager (Male) |
| 7:12 | Construir | House |
| 7:20 | Crear | Villager (Male) |
| 7:24 | Crear | Fishing Ship |
| 7:48 | Crear | Villager (Male) |
| 8:06 | Construir | Settlement |
| 8:11 | Crear | Villager (Male) |
| 8:19 | Construir | Settlement |
| 8:29 | Crear | Villager (Male) |
| 8:31 | Construir | House |
| 8:43 | Crear | Fishing Ship |
| 8:53 | Crear | Villager (Male) |
| 9:18 | Crear | Villager (Male) |
| 9:39 | Construir | Settlement |
| 9:55 | Crear | Villager (Male) |
| 10:14 | Crear | Fishing Ship |
| 10:33 | Investigar | Feudal Age |
| 11:27 | Crear | Fishing Ship |
| 12:43 | Edad | Edad Feudal |
| 12:45 | Construir | Market |
| 12:46 | Crear | Villager (Male) |
| 12:46 | Crear | Villager (Male) |
| 12:49 | Construir | Blacksmith |
| 12:59 | Investigar | Loom |
| 13:33 | Construir | Settlement |
| 13:41 | Construir | Palisade Wall |
| 13:55 | Investigar | Castle Age |
| 13:56 | Investigar | Castle Age |
| 14:51 | Crear | Demolition Raft |
| 15:05 | Crear | Unit 2626 |
| 15:18 | Investigar | Double-Bit Axe |
| 16:23 | Crear | Villager (Male) |
| 16:41 | Edad | Edad de los Castillos |
| 16:46 | Construir | Castle |
| 17:09 | Construir | House |
| 17:13 | Construir | House |
| 17:14 | Construir | House |
| 17:48 | Crear | Unit 2579 |
| 17:49 | Crear | Unit 2579 |
| 18:04 | Crear | Unit 2579 |
| 18:06 | Investigar | Fletching |
| 18:06 | Investigar | Fletching |
| 18:07 | Crear | Villager (Male) |
| 18:07 | Crear | Villager (Male) |
| 18:20 | Crear | Unit 2579 |
| 18:21 | Crear | Villager (Male) |
| 18:35 | Crear | Villager (Male) |
| 18:46 | Investigar | Bodkin Arrow |
| 18:47 | Crear | Unit 2579 |
| 18:53 | Crear | Villager (Male) |
| 19:09 | Crear | Villager (Male) |
| 19:09 | Crear | Unit 2579 |
| 19:16 | Construir | Farm |
| 19:18 | Construir | Farm |
| 19:19 | Construir | Farm |
| 19:21 | Construir | Farm |
| 19:22 | Construir | Farm |
| 19:39 | Crear | Unit 2579 |
| 19:56 | Crear | Unit 2579 |
| 20:01 | Crear | Villager (Male) |
| 20:09 | Crear | Villager (Male) |
| 20:25 | Crear | Unit 2579 |
| 20:30 | Crear | Villager (Male) |
| 21:00 | Crear | Villager (Male) |
| 21:08 | Construir | Siege Workshop |
| 21:10 | Crear | Unit 2579 |
| 21:17 | Crear | Villager (Male) |
| 21:18 | Crear | Unit 2579 |
| 21:20 | Crear | Villager (Male) |
| 21:22 | Construir | Farm |
| 21:43 | Crear | Villager (Male) |
| 21:46 | Crear | Unit 2579 |
| 21:59 | Construir | Town Center |
| 22:31 | Crear | Villager (Male) |
| 22:38 | Crear | Mangonel |
| 22:51 | Crear | Unit 2579 |
| 22:53 | Crear | Villager (Male) |
| 22:58 | Construir | Farm |
| 23:00 | Construir | Farm |
| 23:02 | Investigar | Horse Collar |
| 23:02 | Investigar | Horse Collar |
| 23:38 | Crear | Villager (Male) |
| 23:40 | Crear | Villager (Male) |
| 23:48 | Construir | Farm |
| 23:50 | Construir | Farm |
| 23:53 | Crear | Unit 2579 |
| 24:02 | Crear | Villager (Male) |
| 24:22 | Construir | Farm |
| 24:28 | Crear | Villager (Male) |
| 24:37 | Crear | Villager (Male) |
| 24:47 | Crear | Villager (Male) |
| 24:50 | Construir | Farm |
| 25:02 | Crear | Unit 2579 |
| 25:04 | Crear | Unit 2579 |
| 25:07 | Crear | Villager (Male) |
| 25:11 | Crear | Villager (Male) |
| 25:33 | Crear | Villager (Male) |
| 25:36 | Crear | Villager (Male) |
| 25:38 | Crear | Unit 2579 |
| 26:03 | Crear | Villager (Male) |
| 26:29 | Crear | Villager (Male) |
| 26:37 | Crear | Unit 2579 |
| 26:57 | Crear | Unit 2579 |
| 27:27 | Crear | Villager (Male) |
| 27:30 | Crear | Villager (Male) |
| 27:30 | Crear | Villager (Male) |
| 27:34 | Construir | Farm |
| 27:38 | Crear | Mangonel |
| 27:45 | Crear | Villager (Male) |
| 27:52 | Construir | Castle |
| 27:58 | Crear | Villager (Male) |
| 28:00 | Construir | Farm |
| 28:46 | Construir | Settlement |
| 29:19 | Construir | Farm |
| 29:39 | Investigar | Imperial Age |
| 30:23 | Crear | Villager (Male) |
| 30:36 | Construir | Town Center |
| 30:44 | Crear | Villager (Male) |
| 30:52 | Investigar | Bow Saw |
| 30:52 | Investigar | Bow Saw |
| 30:54 | Crear | Villager (Male) |
| 31:12 | Crear | Villager (Male) |
| 31:27 | Crear | Villager (Male) |
| 31:39 | Crear | Villager (Male) |
| 31:45 | Crear | Unit 2579 |
| 32:14 | Crear | Villager (Male) |
| 32:26 | Crear | Villager (Male) |
| 32:49 | Edad | Edad Imperial |
| 32:50 | Crear | Trebuchet (Packed) |
| 32:51 | Crear | Trebuchet (Packed) |
Build order — triiitCH
Primeras 150 de 364 acciones detectadas
| 0:06 | Construir | Town Center |
| 2:26 | Crear | Villager (Male) |
| 2:26 | Crear | Villager (Male) |
| 2:26 | Crear | Villager (Male) |
| 2:26 | Crear | Villager (Male) |
| 2:29 | Construir | House |
| 2:47 | Construir | Dock |
| 3:49 | Crear | Villager (Male) |
| 4:26 | Construir | House |
| 4:30 | Crear | Villager (Male) |
| 4:30 | Crear | Villager (Male) |
| 4:59 | Crear | Fishing Ship |
| 4:59 | Crear | Fishing Ship |
| 5:06 | Crear | Villager (Male) |
| 5:06 | Crear | Villager (Male) |
| 5:25 | Crear | Villager (Male) |
| 5:25 | Crear | Villager (Male) |
| 5:52 | Crear | Villager (Male) |
| 5:52 | Crear | Villager (Male) |
| 5:56 | Crear | Fishing Ship |
| 6:06 | Construir | House |
| 6:31 | Crear | Villager (Male) |
| 6:31 | Crear | Villager (Male) |
| 6:48 | Crear | Fishing Ship |
| 7:03 | Construir | House |
| 7:06 | Crear | Villager (Male) |
| 7:06 | Crear | Villager (Male) |
| 7:11 | Crear | Fishing Ship |
| 7:11 | Crear | Fishing Ship |
| 7:35 | Crear | Villager (Male) |
| 7:36 | Crear | Villager (Male) |
| 7:39 | Crear | Villager (Male) |
| 7:40 | Crear | Villager (Male) |
| 7:45 | Crear | Fishing Ship |
| 7:45 | Crear | Fishing Ship |
| 8:04 | Investigar | Loom |
| 8:18 | Crear | Villager (Male) |
| 8:18 | Crear | Villager (Male) |
| 8:19 | Crear | Fishing Ship |
| 8:56 | Crear | Villager (Male) |
| 8:57 | Crear | Villager (Male) |
| 9:04 | Construir | Lumber Camp |
| 9:15 | Crear | Villager (Male) |
| 9:15 | Crear | Villager (Male) |
| 9:16 | Crear | Villager (Male) |
| 9:22 | Crear | Fishing Ship |
| 9:46 | Construir | House |
| 9:55 | Construir | Mining Camp |
| 10:02 | Construir | House |
| 10:14 | Crear | Villager (Male) |
| 10:43 | Crear | Villager (Male) |
| 11:00 | Construir | Dock |
| 11:37 | Crear | Fishing Ship |
| 11:55 | Investigar | Feudal Age |
| 12:04 | Crear | Villager (Male) |
| 12:09 | Construir | House |
| 12:54 | Crear | Fishing Ship |
| 12:57 | Crear | Fishing Ship |
| 13:35 | Construir | Mill |
| 13:49 | Construir | Mill |
| 14:00 | Construir | House |
| 14:01 | Construir | House |
| 14:07 | Crear | Villager (Male) |
| 14:07 | Crear | Villager (Male) |
| 14:22 | Edad | Edad Feudal |
| 14:24 | Investigar | Double-Bit Axe |
| 14:32 | Construir | Blacksmith |
| 14:33 | Construir | House |
| 14:34 | Construir | House |
| 14:59 | Construir | Market |
| 15:16 | Crear | Villager (Male) |
| 15:16 | Crear | Villager (Male) |
| 15:17 | Crear | Villager (Male) |
| 15:17 | Crear | Villager (Male) |
| 15:48 | Crear | Unit 2626 ×2 |
| 15:59 | Investigar | Castle Age |
| 16:10 | Construir | Palisade Wall |
| 16:32 | Investigar | Gold Mining |
| 16:59 | Construir | Dock |
| 17:43 | Crear | Unit 2626 |
| 17:43 | Crear | Unit 2626 |
| 17:52 | Crear | Villager (Male) |
| 17:52 | Crear | Villager (Male) |
| 17:53 | Crear | Villager (Male) |
| 18:05 | Crear | Unit 2626 |
| 18:16 | Crear | Villager (Male) |
| 18:16 | Crear | Villager (Male) |
| 18:43 | Crear | Unit 2626 |
| 18:46 | Edad | Edad de los Castillos |
| 18:54 | Investigar | War Galley (upgrade) |
| 18:58 | Crear | Villager (Male) |
| 18:58 | Crear | Villager (Male) |
| 18:59 | Crear | Villager (Male) |
| 19:08 | Construir | Town Center |
| 19:14 | Construir | Town Center |
| 19:29 | Construir | House |
| 19:30 | Construir | House |
| 19:38 | Investigar | Tech 905 |
| 19:46 | Crear | Fire Galley |
| 20:07 | Crear | Villager (Male) |
| 20:07 | Crear | Villager (Male) |
| 20:09 | Investigar | Bow Saw |
| 20:22 | Crear | Fire Galley |
| 20:22 | Crear | Fire Galley |
| 20:32 | Crear | Villager (Male) |
| 20:32 | Crear | Villager (Male) |
| 20:32 | Crear | Villager (Male) |
| 20:34 | Crear | Villager (Male) |
| 20:37 | Crear | Villager (Male) |
| 20:37 | Crear | Villager (Male) |
| 20:38 | Crear | Villager (Male) |
| 20:38 | Crear | Villager (Male) |
| 20:40 | Crear | Villager (Male) |
| 20:43 | Construir | House |
| 20:44 | Construir | House |
| 20:57 | Crear | Villager (Male) |
| 21:10 | Crear | Fire Galley |
| 21:38 | Crear | Fire Galley |
| 21:40 | Crear | Fire Galley |
| 21:54 | Crear | Villager (Male) |
| 21:55 | Crear | Villager (Male) |
| 22:02 | Investigar | Town Watch |
| 22:07 | Investigar | Wheelbarrow |
| 22:35 | Crear | Villager (Male) |
| 22:36 | Crear | Villager (Male) |
| 22:37 | Crear | Villager (Male) |
| 22:37 | Crear | Villager (Male) |
| 22:39 | Crear | Villager (Male) |
| 22:39 | Crear | Villager (Male) |
| 22:55 | Investigar | Tech 906 |
| 22:57 | Crear | Fishing Ship |
| 22:58 | Crear | Fishing Ship |
| 22:58 | Crear | Fishing Ship |
| 23:09 | Crear | Villager (Male) |
| 23:09 | Crear | Villager (Male) |
| 23:11 | Crear | Villager (Male) |
| 23:11 | Crear | Villager (Male) |
| 23:12 | Crear | Villager (Male) |
| 23:12 | Crear | Villager (Male) |
| 23:24 | Crear | Demolition Raft |
| 23:24 | Crear | Demolition Raft |
| 23:24 | Crear | Demolition Raft |
| 23:29 | Crear | Fishing Ship |
| 23:29 | Crear | Fishing Ship |
| 23:30 | Crear | Fishing Ship |
| 23:32 | Crear | Fishing Ship |
| 23:33 | Crear | Fishing Ship |
| 23:33 | Crear | Fishing Ship |
| 23:51 | Crear | Villager (Male) |
| 23:51 | Crear | Villager (Male) |
Cronología de la partida
| 0:34 | triiitCH2 · first_building Dock |
| 0:46 | 進房從從容容.打完連滾帶爬 · first_building Dock |
| 0:52 | 47Cute · first_building Dock |
| 0:54 | 進房從從容容.打完連滾帶爬 · wall_segment Palisade Wall x1 |
| 2:47 | triiitCH · first_building Dock |
| 11:39 | triiitCH2 · first_building Barracks |
| 11:45 | 47Cute · wall_segment Palisade Wall x4 |
| 12:05 | 47Cute · age_up feudal |
| 12:43 | 進房從從容容.打完連滾帶爬 · age_up feudal |
| 13:03 | triiitCH2 · age_up feudal |
| 13:05 | triiitCH2 · first_building Stable |
| 13:09 | 47Cute · wall_segment Palisade Wall x10 |
| 13:19 | triiitCH2 · wall_segment Palisade Wall x2 |
| 13:41 | 進房從從容容.打完連滾帶爬 · wall_segment Palisade Wall x1 |
| 14:01 | triiitCH2 · wall_segment Palisade Wall x8 |
| 14:22 | triiitCH · age_up feudal |
| 16:10 | triiitCH · wall_segment Palisade Wall x8 |
| 16:12 | 47Cute · wall_segment Palisade Wall x3 |
| 16:34 | triiitCH2 · age_up castle |
| 16:41 | 進房從從容容.打完連滾帶爬 · age_up castle |
| 16:46 | 進房從從容容.打完連滾帶爬 · first_building Castle |
| 17:00 | 47Cute · wall_segment Palisade Wall x6 |
| 17:23 | 47Cute · wall_segment Palisade Wall x4 |
| 17:27 | 47Cute · wall_segment Palisade Wall x8 |
| 18:19 | 47Cute · wall_segment Palisade Wall x1 |
| 18:21 | 47Cute · wall_segment Palisade Wall x1 |
| 18:46 | triiitCH · age_up castle |
| 19:00 | 47Cute · first_market_sell 100 food |
| 19:03 | 47Cute · first_market_buy 100 food |
| 19:05 | triiitCH2 · first_building Siege Workshop |
| 20:52 | 47Cute · wall_segment Palisade Wall x4 |
| 21:08 | 進房從從容容.打完連滾帶爬 · first_building Siege Workshop |
| 21:49 | 47Cute · age_up castle |
| 22:05 | triiitCH2 · first_building Castle |
| 24:36 | 進房從從容容.打完連滾帶爬 · first_market_buy 100 food |
| 24:58 | 47Cute · first_building Monastery |
| 25:20 | triiitCH2 · wall_segment Palisade Wall x1 |
| 25:29 | triiitCH · first_market_sell 100 wood |
| 25:31 | triiitCH · first_market_buy 100 stone |
| 25:54 | 47Cute · first_building Siege Workshop |
| 26:05 | 進房從從容容.打完連滾帶爬 · first_market_sell 500 wood |
| 26:19 | triiitCH · first_building Castle |
| 26:55 | 47Cute · wall_segment Palisade Wall x1 |
| 28:51 | triiitCH · first_building Barracks |
| 29:13 | 47Cute · first_building Castle |
| 31:44 | triiitCH · age_up imperial |
| 32:49 | 進房從從容容.打完連滾帶爬 · age_up imperial |
| 32:54 | 進房從從容容.打完連滾帶爬 · first_building Barracks |
| 33:37 | triiitCH2 · age_up imperial |
| 35:15 | 47Cute · first_building Barracks |
| 36:26 | 47Cute · first_building Stable |
| 36:37 | 47Cute · resign |
[ ANÁLISIS IA · 1 CRÉDITO ]
¿Qué pasó realmente en esta partida?
Wolo.gg analiza cada decisión: build order, eco, micro, errores típicos por bracket. Análisis personalizado por WhatsApp o Discord en 30 segundos.
Guía civ
Borgoñones
Perfil
Jugador #4420692